 Dungeon Crawl Stone Soup version 0.31-a0-981-geadf994542 (webtiles) character file.

Game seed: 7331673150404059790

478 AIAndy the Changeling (level 7, -2/43 HPs)
             Began as an Octopode Shapeshifter on Nov 1, 2023.
             Slain by an ufetubus (3 damage)
             ... on level 5 of the Dungeon.
             The game lasted 00:07:36 (2964 turns).

AIAndy the Changeling (Octopode Shapeshifter)       Turns: 2964, Time: 00:07:36

Health: -2/43      AC:  1    Str: 20    XL:     7   Next: 11%
Magic:  7/7        EV: 13    Int: 12    God:
Gold:   192        SH:  0    Dex: 11    Spells: 6/6 levels left

rFire   x .          .
                       - Unarmed
rCold   . . .        (no shield)
rNeg    . . .        (helmet currently unavailable)
rPois   +            (no amulet)
rElec   +            y - ring of Fiplag {Fly rElec rPois rF- Str+4}
rCorr   .            (no ring)
SInv    .            (no ring)
Will    .....        (no ring)
Stlth   ++           (no ring)
HPRegen 0.27/turn    (no ring)
MPRegen 0.10/turn    (no ring)
                     (no ring)

%: no passive effects
@: about to teleport, beast-form, flying
A: beast (slay +3), almost no armour, amphibious, 8 rings, camouflage 1,
gelatinous body 1, (nimble swimmer 1), tentacles
a: Begin Untransformation


You were on level 5 of the Dungeon.
You were a hulking beast.
You visited 1 branch of the dungeon, and saw 5 of its levels.

You collected 192 gold pieces.


Innate Abilities, Weirdness & Mutations

You are a hulking beast.
Your limbs bulge with bestial killing power. (Slay +3)
You cannot wear most types of armour.
You are amphibious.
You can wear up to eight rings at the same time.
Your skin changes colour to match your surroundings (Stealth+).
Your rubbery body absorbs attacks. (AC +1, EV +1)
((You are camouflaged when in or above water. (Stealth+)))
You have tentacles for arms and can constrict up to eight enemies at once.


   Skills:
 - Level 1.0 Fighting
 - Level 2.0 Dodging
 - Level 4.2 Unarmed Combat
 + Level 6.7 Shapeshifting


You had 6 spell levels left.
You didn't know any spells.
Your spell library contained the following spells:

 Spells                   Type           Power      Damage    Failure   Level
 Kiss of Death            Conj/Necr      0%         2d5       32%         1
 Ensorcelled Hibernation  Hex/Ice        0%         N/A       45%         2
 Passwall                 Tmut/Erth      0%         N/A       45%         2
 Confusing Touch          Hex            0%         N/A       69%         3
 Swiftness                Air            0%         N/A       69%         3
 Dispel Undead            Necr           0%         3d6       97%         4
 Summon Lightning Spire   Summ/Air       0%         N/A       97%         4
 Lee's Rapid Deconstruct  Erth           0%         3d4*      100%        5
 Animate Armour           Summ/Erth      Unusable   N/A       N/A         4

Inventory:

Jewellery
 y - the ring of Fiplag (left tentacle) {Fly rElec rPois rF- Str+4}
   (You found it on level 5 of the Dungeon)

   [ring of poison resistance]

   Str+4:     It affects your strength (+4).
   rF-:       It makes you vulnerable to fire.
   rElec:     It insulates you from electricity.
   rPois:     It protects you from poison Fly: It grants you flight.
Talismans
 b - a beast talisman
 c - a flux talisman
 o - a dragon-blood talisman
Wands
 m - a wand of polymorph (3)
Scrolls
 d - a scroll of enchant weapon {unknown}
 e - 5 scrolls of identify {unknown}
 i - a scroll of noise {unknown}
 j - a scroll of immolation {unknown}
 l - a scroll of teleportation {@r4}
 n - 3 scrolls of fog {unknown}
 r - a scroll of fear {unknown}
 s - 2 scrolls of enchant armour {unknown}
 u - a scroll of poison {unknown}
 z - a scroll of blinking {unknown}
Potions
 a - 4 potions of lignification {!q}
 f - a potion of attraction {unknown}
 g - a potion of might {unknown}
 h - a potion of invisibility {unknown}
 k - 3 potions of curing {unknown}
 p - 2 potions of haste {unknown}
 q - a potion of mutation {unknown}
 t - 2 potions of resistance {unknown}
 w - 2 potions of cancellation {unknown}
 x - 2 potions of heal wounds {unknown}

Dungeon Overview and Level Annotations

Branches:
Dungeon (5/15)
 Temple: D:4-7

Altars:

Annotations:
D:3 1 transporter, Tensor's ghost, amateur DjFE

##....## #.....## ##...÷..### #
##......)..######## #
#...###...........## ### ##..##
##..÷........## ##.. ###..##
##............###..# #####...##
##.............)...## ........#
##..5hs.............#
.......)####...###............##
####..........##
##............## ##........##
#.............. ##.......#
#............... ###>....#
#...##.......... ##....#
#...###......... ##...# ##..#
#......### ##..# ##...#.....##


You could see a scorpion and an ufetubus.


Message History

* * * LOW HITPOINT WARNING * * *
Okay, then.
Okay, then.
Throw: throwing net {=f}
Press: ? - help, Q - select action, (/) - cycle Shift-Dir - straight line, f - scorpion
Aim: a scorpion (57% to hit)
You throw a throwing net {=f}.
The throwing net {=f} hits the scorpion.
The scorpion is caught in the net!
The scorpion struggles against the net. x2
The scorpion struggles against the net.
The scorpion struggles against the net.
The scorpion struggles against the net.
The scorpion struggles against the net.
The net rips apart, and the scorpion comes free!
The ufetubus attacks as it pursues you! The ufetubus misses you.
The ufetubus hits you.
* * * LOW HITPOINT WARNING * * *
The ufetubus completely misses you. The ufetubus closely misses you.
You bludgeon the ufetubus! Your grab misses the ufetubus.
The ufetubus is severely wounded.
The ufetubus slips past you! The ufetubus completely misses you.
The ufetubus hits you.
* * * LOW HITPOINT WARNING * * *
As you read the scroll labelled IDIS BIPANE, it crumbles to dust.
You feel strangely unstable.
It was a scroll of teleportation.
The ufetubus misses you. The ufetubus hits you.
* * * LOW HITPOINT WARNING * * *
The scorpion barely misses you. The ufetubus misses you. The ufetubus hits you.
You die...

Skill      XL: |  1  2  3  4  5  6 |
---------------+-------------------+-----
Unarmed Combat | 4 |  4.2
Shapeshifting  | 4 5 6 |  6.7
Fighting       | |  1.0
Dodging        | |  2.0

Action                     |  1- 3 |  4- 6 |  7- 9 || total
---------------------------+-------+-------+-------++-------
  Melee: Unarmed           |    48 |    89 |     5 ||   142
         Tentacles         |    10 |    14 |     1 ||    25
         Constrict         |    11 |    15 |     1 ||    27
         Punch             |       |     2 |       ||     2
  Throw: Throwing net      |       |       |     1 ||     1
    Use: Scroll            |       |       |     1 ||     1
   Stab: Sleeping          |     8 |     3 |       ||    11
 Armour: Skin              |    14 |    43 |    16 ||    73
  Dodge: Dodged            |    28 |    49 |    17 ||    94

Levels and vault maps discovered:
D:1:      minmay_arrival_open_corners, layout_basic
D:2:      layout_rooms, uniq_jessica
D:3:      layout_loops_ring, gammafunk_ghost_smash, kennysheep_cross_room
D:4:      layout_basic
D:5:      layout_layer_cave, temple_statues

Notes
Turn   | Place    | Note
-------+----------+-------------------------------------------
     0 | D:1      | AIAndy the Octopode Shapeshifter began the quest for the
                  | Orb.
     0 | D:1      | Reached XP level 1. HP: 13/13 MP: 1/1
    64 | D:1      | Reached XP level 2. HP: 18/18 MP: 2/2
   636 | D:1      | Reached XP level 3. HP: 14/23 MP: 3/3
   878 | D:2      | Noticed Jessica
   887 | D:2      | Killed Jessica
   889 | D:2      | Reached skill level 4 in Unarmed Combat
   889 | D:2      | Reached XP level 4. HP: 25/28 MP: 4/4
  1129 | D:2      | Reached skill level 4 in Shapeshifting
  1888 | D:3      | Found a transporter.
  1889 | D:3      | Noticed Tensor's ghost (amateur DjFE)
  1890 | D:3      | Noticed an ogre
  1891 | D:3      | Noticed an ogre
  1955 | D:4      | Reached XP level 5. HP: 16/33 MP: 5/5
  2388 | D:4      | Reached skill level 5 in Shapeshifting
  2660 | D:5      | Entered Level 5 of the Dungeon
  2696 | D:5      | Noticed an ogre
  2704 | D:5      | Noticed a centaur
  2711 | D:5      | Killed an ogre
  2712 | D:5      | Reached XP level 6. HP: 38/38 MP: 6/6
  2720 | D:5      | Identified the ring of Fiplag {Fly rElec rPois rF- Str+4}
  2727 | D:5      | Noticed a water moccasin
  2735 | D:5      | Killed a water moccasin
  2736 | D:5      | Reached skill level 6 in Shapeshifting
  2797 | D:5      | Reached XP level 7. HP: 13/43 MP: 7/7
  2963 | D:5      | HP: 4/43 [ufetubus (5)]
  2964 | D:5      | HP: 1/43 [ufetubus (3)]
  2964 | D:5      | Slain by an ufetubus

Vanquished Creatures
  A water moccasin (D:5)
  An ogre (D:5)
  A centaur (D:5)
  A hound (D:4)
  Jessica (D:2)
  An iguana (D:4)
  6 adders
  An ufetubus (D:5)
  A worm (D:2)
  A dart slug (D:2)
  An orc (D:3)
  3 bats (D:1)
  6 endoplasms
  5 giant cockroaches
  3 hobgoblins (D:2)
  2 jackals (D:1)
  2 quokkas
  7 ball pythons
  7 frilled lizards
  10 goblins
  3 kobolds
  6 rats
70 creatures vanquished.

Table legend: (Time is in decaauts)
 A = Elapsed time spent in this place.
 B = Non-inter-level travel time spent in this place.
 C = Inter-level travel time spent in this place.
 D = Time resting spent in this place.
 E = Time spent auto-exploring this place.
 F = Levels seen in this place.
 G = Mean time per level.
                   A        B        C        D        E       F      G
               +--------+--------+--------+--------+--------+-----+--------+
         Total |   2953 |   2870 |     83 |     38 |   2267 |   5 |  590.6 |
       Dungeon |   2953 |   2870 |     83 |     38 |   2267 |   5 |  590.6 |
               +--------+--------+--------+--------+--------+-----+--------+

Top non-repeatable levels by time:
     D:1: 819 daAuts
     D:4: 740 daAuts
     D:3: 568 daAuts
     D:2: 524 daAuts
     D:5: 301 daAuts

Table legend:
 A = Non-vault XP
 B = Vault XP
 C = Vault XP percentage of total XP
 D = Non-vault monster count
 E = Vault monster count
 F = Vault count percentage of total count
                 A         B        C        D         E       F
            +---------+---------+-------+---------+---------+-------
      Total |     647 |      37 |   5.4 |      69 |       1 |   1.4
            +---------+---------+-------+---------+---------+-------
        D:1 |      42 |       0 |   0.0 |      27 |       0 |   0.0
        D:2 |      59 |      37 |  38.5 |      19 |       1 |   5.0
        D:3 |      23 |       0 |   0.0 |       7 |       0 |   0.0
        D:4 |     105 |       0 |   0.0 |      10 |       0 |   0.0
        D:5 |     418 |       0 |   0.0 |       6 |       0 |   0.0
            +---------+---------+-------+---------+---------+-------
